 Dungeon Crawl Stone Soup version 0.31.0-12-g77e489cdc1 (webtiles) character file.

Game seed: 16779348169116907780

2133 monsoonserge the Spear-Bearer (level 9, -6/65 HPs)
             Began as a Demonspawn Gladiator on Feb 23, 2024.
             Was a Follower of Qazlal.
             Mangled by a vampire (8 damage)
             ... on level 10 of the Dungeon.
             The game lasted 00:21:36 (5308 turns).

monsoonserge the Spear-Bearer (DsGl)                Turns: 5308, Time: 00:21:37

Health: -6/65      AC: 19    Str: 18 (19) XL:     9   Next: 9%
Magic:  0/10       EV: 14    Int:  7 (9)  God:    Qazlal [*.....]
Gold:   385        SH:  6    Dex: 11 (14) Spells: 8/8 levels left

rFire   . . .        L - +4 trident (drain)
rCold   + . .        (no shield)
rNeg    . . .        H - +1 scale mail {rPois}
rPois   +            c - +0 helmet
rElec   .            v - +0 cloak
rCorr   .            (no gloves)
SInv    .            B - +0 pair of boots
Will    .....        I - amulet of guardian spirit Stlth
                     G - ring of protection from cold
HPRegen 0.30/turn    r - +4 ring of protection
MPRegen 0.12/turn

%: guardian spirit
@: no status effects
A: hooves 1, repulsion field 2, icemail 1, condensation shield
a: Renounce Religion


You were on level 10 of the Dungeon.
You worshipped Qazlal.
Qazlal was aware of your devotion.
You visited 2 branches of the dungeon, and saw 9 of its levels.

You collected 385 gold pieces.

Inventory:

Hand Weapons
 L - a +4 trident of draining (weapon)
Missiles
 d - 3 throwing nets
 e - a javelin
 g - 4 atropa-tipped darts
 t - 8 poisoned darts (quivered)
 x - 4 boomerangs
 y - 6 silver javelins
Armour
 c - a +0 helmet (worn)
 h - a +0 plate armour
 v - a +0 cloak (worn)
 B - a +0 pair of boots (worn)
 H - a +1 scale mail of poison resistance (worn)
Magical Staves
 f - a staff of fire
Jewellery
 k - an amulet of the acrobat
 o - a ring of resist corrosion
 r - a +4 ring of protection (right hand)
 G - a ring of protection from cold (left hand)
 I - an amulet of guardian spirit (around neck)
 M - a ring of wizardry
Wands
 s - a wand of flame (48)
 J - a wand of acid (8)
 K - a wand of mindburst (11)
Scrolls
 a - 2 scrolls of teleportation
 b - 2 scrolls of noise
 j - a scroll of acquirement {unknown}
 q - 2 scrolls of revelation {unknown}
 u - a scroll of butterflies {unknown}
 w - 2 scrolls of fog {unknown}
 A - 2 scrolls of vulnerability {unknown}
 E - 2 scrolls of poison
 O - 2 scrolls of enchant armour {unknown}
 P - a scroll of fear {unknown}
 Q - a scroll of silence {unknown}
Potions
 i - 3 potions of brilliance
 m - 3 potions of lignification
 n - a potion of haste {unknown}
 p - a potion of magic {unknown}
 z - 2 potions of attraction
 C - a potion of heal wounds
 D - 2 potions of degeneration


   Skills:
 + Level 4.1 Fighting
 - Level 3.0 Long Blades
 * Level 8.6 Polearms
 + Level 1.8 Throwing
 + Level 3.1 Armour
 + Level 4.2 Dodging
 - Level 1.0 Shields
 * Level 2.2 Invocations
 + Level 2.0 Evocations


You had 8 spell levels left.
You didn't know any spells.
Your spell library contained the following spells:

 Spells                   Type           Power      Damage    Failure   Level
 Freeze                   Ice            0%         1d3       82%         1
 Magic Dart               Conj           0%         1d3       82%         1
 Shock                    Conj/Air       0%         1d3       82%         1
 Blink                    Tloc           0%         N/A       91%         2
 Call Imp                 Summ           0%         N/A       91%         2
 Lesser Beckoning         Tloc           0%         N/A       91%         2
 Momentum Strike          Conj/Tloc      0%         3d8       91%         2
 Frozen Ramparts          Ice            0%         1d1       99%         3
 Hailstorm                Conj/Ice       0%         3d5       99%         3
 Inner Flame              Hex/Fire       0%         N/A       99%         3
 Ozocubu's Armour         Ice            0%         N/A       99%         3
 Swiftness                Air            0%         N/A       99%         3
 Volatile Blastmotes      Fire/Tloc      0%         2d10      99%         3
 Airstrike                Air            0%         2d(0-16)  100%        4
 Fulminant Prism          Conj/Alch      0%         3d5       100%        4
 Iskenderun's Mystic Bla  Conj/Tloc      0%         2d3       100%        4


Dungeon Overview and Level Annotations

Branches:
Dungeon (7/15)             Temple (1/1) D:4

Altars:
Ashenzari
Cheibriados
Dithmenos
Fedhas
Gozag
Hepliaklqana
Kikubaaqudgha
Makhleb
Nemelex Xobeh
Okawaru
Qazlal
Sif Muna
Trog
Uskayaw
Vehumet
Wu Jian
Xom
Yredelemnul

Shops:
D:10 ((


Innate Abilities, Weirdness & Mutations

You have large cloven feet.
You are surrounded by a moderate repulsion field. (EV +3)
A meltable icy envelope protects you from harm. (AC +4)
A meltable shield of frost defends you. (SH +4)


Message History

The vampire bites you but does no damage.
You're too confused to move!
The vampire hits you!
* * * LOW HITPOINT WARNING * * *
The vampire bites you but does no damage.
Okay, then.
It was a potion of cancellation.
Your magical effects are unravelling.
You feel magically purged.
You feel less confused.
You feel a little less mighty now. The vampire misses you. x2
Aiming: Mindburst
Press: ? - help, Shift-Dir - straight line, f - vampire
Aim: a vampire (heavily damaged, chance to affect: 57%)
Okay, then.
Aiming: Corrosive Bolt
Press: ? - help, Shift-Dir - straight line, f - vampire
Aim: a vampire (heavily damaged, 71% to hit)
The bolt of acid hits the vampire.
The vampire is severely damaged.
The vampire barely misses you.
The vampire bites you but does no damage.
You hit the vampire but do no damage.
The vampire is severely damaged.
The vampire casts a spell.
The vampire flickers and vanishes!
Deactivating autopickup; reactivate with Ctrl-A.
Aiming: Mindburst
Press: ? - help, Shift-Dir - straight line Nothing appears to happen.
Something draws life force from you!
* * * LOW HITPOINT WARNING * * *
Aiming: Mindburst
Press: ? - help, Shift-Dir - straight line Nothing appears to happen.
Something barely misses you. Something bites you.
* * * LOW HITPOINT WARNING * * *
Something draws strength from your injuries!
Aiming: Corrosive Bolt
Press: ? - help, Shift-Dir - straight line The bolt of acid hits something!
Something hits you but does no damage. Something bites you!
You die...

#.# #.# #.# #.#
#.# ###>### #.#
#[####.≈.≈.####.
#.#
#......≈.≈......
###
########∩##.####
#.# .# #.# #
#'##.# #@{..#
######


There were no monsters in sight!

Vanquished Creatures
  Jeremiah (D:6)
  A troll (D:10)
  An acid dragon (D:6)
  A water moccasin (D:7)
  2 black bears (D:6)
  A sky beast (D:7)
  An ogre (D:6)
  A centaur (D:6)
  Blork the orc (D:4)
  A bullfrog (D:7)
  A scorpion (D:6)
  6 killer bees (D:10)
  A howler monkey (D:4)
  A crimson imp (D:4)
  A hound (D:5)
  A jelly (D:5)
  3 iguanas
  Jessica (D:2)
  Ijyb (D:5)
  Natasha (thrice) (D:2)
  An orc wizard (D:7)
  8 adders
  A white imp (D:5)
  2 ufetubi
  A dart slug (D:4)
  2 ribbon worms
  16 orcs
  8 endoplasms
  8 giant cockroaches
  4 goblins
  3 hobgoblins
  12 jackals
  3 quokkas
  9 ball pythons
  5 bats
  3 frilled lizards
  4 rats
120 creatures vanquished.

Notes
Turn   | Place    | Note
-------+----------+-------------------------------------------
     0 | D:1      | monsoonserge the Demonspawn Gladiator began the quest for
                  | the Orb.
     0 | D:1      | Reached XP level 1. HP: 16/16 MP: 1/1
   153 | D:1      | Gained mutation: You are surrounded by a mild repulsion
                  | field. (EV +2) [demonic ancestry]
   153 | D:1      | Reached XP level 2. HP: 22/22 MP: 2/2
   931 | D:2      | Gained mutation: A meltable shield of frost defends you.
                  | (SH +4) [demonic ancestry]
   931 | D:2      | Reached XP level 3. HP: 27/27 MP: 3/3
  1072 | D:2      | Reached skill level 1 in Armour
  1127 | D:2      | Noticed Jessica
  1135 | D:2      | Killed Jessica
  1136 | D:2      | Reached skill level 1 in Polearms
  1186 | D:2      | Noticed Natasha
  1193 | D:2      | Killed Natasha
  1194 | D:2      | Gained mutation: A meltable icy envelope protects you from
                  | harm. (AC +4) [demonic ancestry]
  1194 | D:2      | Reached XP level 4. HP: 29/34 MP: 4/4
  1329 | D:2      | Noticed Natasha
  1335 | D:2      | Killed Natasha
  1336 | D:2      | Reached skill level 2 in Polearms
  1340 | D:2      | Noticed Natasha
  1345 | D:2      | Killed Natasha
  1346 | D:2      | Gained mutation: You are surrounded by a moderate repulsion
                  | field. (EV +3) [demonic ancestry]
  1346 | D:2      | Reached XP level 5. HP: 35/39 MP: 5/5
  1796 | D:2      | Got the Octavo of Frostbite and the Summer
  1915 | D:3      | Found a sparkling altar of Nemelex Xobeh.
  2044 | D:3      | Found a faded altar of an unknown god.
  2257 | D:3      | Reached skill level 3 in Polearms
  2585 | D:4      | Identified the +0 pair of gloves of the Hecatoncheires
                  | {-Tele Int+4}
  2595 | D:4      | Found a staircase to the Ecumenical Temple.
  2603 | Temple   | Entered the Ecumenical Temple
  2675 | Temple   | Became a worshipper of Qazlal Stormbringer
  2931 | D:4      | Found a radiant altar of Vehumet.
  2932 | D:4      | Found a burning altar of Makhleb.
  3034 | D:4      | Noticed Blork the orc
  3052 | D:4      | Killed Blork the orc
  3053 | D:4      | Reached XP level 6. HP: 46/46 MP: 6/6
  3134 | D:4      | Identified the +2 robe of the Elven Halls {rElec rF- Will+
                  | Int+6}
  3143 | D:4      | Reached skill level 4 in Polearms
  3389 | D:5      | Entered Level 5 of the Dungeon
  3437 | D:5      | Noticed Ijyb
  3448 | D:5      | Killed Ijyb
  3451 | D:5      | Reached * piety under Qazlal
  3737 | D:5      | Reached XP level 7. HP: 48/52 MP: 7/7
  3952 | D:6      | Reached skill level 5 in Polearms
  3971 | D:6      | Noticed Jeremiah
  4059 | D:6      | Killed Jeremiah
  4060 | D:6      | Reached skill level 6 in Polearms
  4060 | D:6      | Reached skill level 1 in Shields
  4060 | D:6      | Reached skill level 1 in Evocations
  4386 | D:6      | Gained mutation: You have large cloven feet. [demonic
                  | ancestry]
  4386 | D:6      | Reached XP level 8. HP: 50/58 MP: 5/8
  4566 | D:6      | Reached skill level 7 in Polearms
  4899 | D:6      | Reached ** piety under Qazlal
  4943 | D:7      | Reached skill level 8 in Polearms
  4960 | D:7      | You fall into a shaft and drop 3 floors!
  4960 | D:10     | Entered Level 10 of the Dungeon
  4990 | D:10     | Found Tueckuve's Weapon Boutique.
  4993 | D:10     | Noticed a troll
  5009 | D:10     | Killed a troll
  5010 | D:10     | Reached skill level 1 in Invocations
  5181 | D:10     | Reached XP level 9. HP: 60/65 MP: 8/10
  5211 | D:10     | Found Zodoagoc's Weapon Emporium.
  5307 | D:10     | HP: 2/65 [something (3)]
  5308 | D:10     | Mangled by a vampire

Illustrated notes

Levels and vault maps discovered:
D:1:      moated_graveyard_arrival, layout_basic
D:2:      layout_loops_corners, st_stairs_12, grunt_ministairs_11, uniq_jessica,
          uniq_natasha
D:3:      layout_basic, mainiacjoe_overflow_chevrons,
          ebering_ecumenical_altar_mist
D:4:      layout_basic, grunt_temple_overflow_lords_of_destruction,
          mainiacjoe_overflow_paths, minmay_temple_entry_tees,
          minmay_crystal_room, st_stairs_14, uniq_blork_the_orc
D:5:      layout_cave_pools, uniq_ijyb
D:6:      layout_basic, hangedman_decor_push, uniq_jeremiah
D:7:      layout_rooms
D:10:     layout_small_grid, serial_shops, nicolae_shop_bloodbath_and_beyond,
          shop, shop, nicolae_shop_hallway_stairs, nicolae_shop_hallway_stairs,
          enter_trove_6, grunt_decor_fettered, uniq_grum, uniq_maggie
Temple:   minmay_temple_bridge_d

Skill      XL: |  1  2  3  4  5  6  7  8  9 |
---------------+----------------------------+-----
Dodging        | 3 4 |  4.2
Long Blades    | 3 |  3.0
Armour         | 1 2 3 |  3.1
Polearms       | 1 2 3 4 6 8 |  8.6
Fighting       | 3 4 |  4.1
Shields        | 1 |  1.0
Evocations     | 1 2 |  2.0
Invocations    | 1 2 |  2.2
Throwing       | |  1.8

Action                     |  1- 3 |  4- 6 |  7- 9 || total
---------------------------+-------+-------+-------++-------
  Melee: Long sword        |    22 |       |       ||    22
         Spear             |    66 |       |       ||    66
         Trident           |    12 |   169 |   206 ||   387
         Punch             |       |     1 |     2 ||     3
  Throw: Dart              |       |       |     3 ||     3
 Invoke: Upheaval          |       |       |     2 ||     2
  Evoke: Wand              |       |       |     5 ||     5
    Use: Scroll            |       |       |     7 ||     7
         Potion            |       |       |     4 ||     4
   Stab: Sleeping          |     1 |     3 |       ||     4
 Armour: Leather armour    |    42 |    40 |       ||    82
         Scale mail        |       |     9 |   166 ||   175
  Dodge: Dodged            |    64 |   104 |   191 ||   359
  Block: Other             |     2 |    24 |    74 ||   100
